 Dungeon Crawl Stone Soup version 0.28-a0-512-g960c72b710 (webtiles) character file.

Game seed: 11274483358319459455

6 Lekart the Skirmisher (level 1, -2/19 HPs)
             Began as a Draconian Abyssal Knight on Sept 22, 2021.
             Was a Follower of Lugonu.
             Slain by a kobold (5 damage)
             ... on level 1 of the Dungeon.
             The game lasted 00:01:11 (426 turns).

Lekart the Skirmisher (Draconian Abyssal Knight)     Turns: 426, Time: 00:01:12

Health: -2/19      AC:  4    Str: 15    XL:     1   Next: 75%
Magic:  2/2        EV: 27    Int: 10    God:    Lugonu [*.....]
Gold:   43         SH:  0    Dex: 11    Spells: 0/0 levels left

rFire   . . .      SeeInvis .   a - +1 falchion
rCold   . . .      Faith    .   (no shield)
rNeg    . . .      Spirit   .   (armour unavailable)
rPois   .          Reflect  .   (helmet restricted)
rElec   +          Harm     .   (no cloak)
rCorr   .          Rampage  .   (no gloves)
Will    .....                   (no boots)
Stlth   +.........              b - amulet of the Falcon {Acrobat rElec}
HPRegen 0.06/turn               (no ring)
MPRegen 0.08/turn               (no ring)

@: acrobatic
A: AC +4, unfitting armour, cold-blooded
a: Renounce Religion, Depart the Abyss


You were on level 1 of the Dungeon.
You worshipped Lugonu.
Lugonu was aware of your devotion.
You visited 1 branch of the dungeon, and saw 1 of its levels.
You visited the Abyss 1 time.

You collected 43 gold pieces.

Inventory:

Hand Weapons
 a - a +1 falchion (weapon)
Jewellery
 b - the amulet of the Falcon (around neck) {Acrobat rElec}
   (You found it on level 2 of the Abyss)

   [amulet of the acrobat]

   It increases your evasion while moving and waiting.
   rElec:     It insulates you from electricity.
Scrolls
 c - a scroll of identify {unknown}


   Skills:
 + Level 3.5 Fighting
 + Level 2.0 Long Blades
 + Level 2.3 Dodging
 + Level 2.0 Invocations


You couldn't memorise any spells.
You didn't know any spells.
Your spell library was empty.

Dungeon Overview and Level Annotations

Branches:
Dungeon (1/15)

Altars:


Innate Abilities, Weirdness & Mutations

Your plain brown scales are hard. (AC +4)
You cannot fit into any form of body armour.
You are cold-blooded and may be slowed by cold attacks.


Message History

The kobold hits you with a +0 short sword.
The bat misses you. The kobold completely misses you. The bat hits you.
The bat completely misses you. The kobold closely misses you.
The bat completely misses you. The kobold completely misses you.
The kobold hits you with a +0 short sword.
The bat completely misses you. The bat completely misses you.
The kobold completely misses you. The bat closely misses you.
The kobold hits you with a +0 short sword.
The bat completely misses you. The kobold barely misses you.
The bat closely misses you. The kobold completely misses you.
The bat completely misses you. x2; The kobold closely misses you.
The bat misses you. The kobold completely misses you.
The bat completely misses you. The kobold hits you but does no damage.
The bat hits you but does no damage. The kobold closely misses you.
The bat closely misses you. The kobold completely misses you.
The bat barely misses you. The kobold misses you.
The bat completely misses you. The kobold completely misses you.
The bat hits you but does no damage. The kobold completely misses you.
The bat misses you. The kobold closely misses you.
The bat completely misses you. The kobold completely misses you.
The bat misses you. The bat barely misses you.
The kobold hits you but does no damage. The bat misses you.
The kobold hits you but does no damage. The bat barely misses you.
The bat barely misses you. The kobold barely misses you.
The kobold barely misses you. The bat completely misses you.
The bat hits you but does no damage.
The kobold hits you with a +0 short sword.
The bat completely misses you. x2
The kobold hits you with a +0 short sword.
The bat barely misses you. The kobold completely misses you.
The bat completely misses you. The kobold misses you.
The bat completely misses you. The kobold completely misses you.
The bat closely misses you.
The kobold hits you with a +0 short sword.
* * * LOW HITPOINT WARNING * * *
The bat closely misses you.
The kobold hits you with a +0 short sword.
You die...

..... ### #....# ####
.....##.####...)# #...
...............####.##
.b........#+#........
####.##.......#.####.##
....................>##
............#...####.##
######....###.........
#K@...## #.......##
..>....b.....##..(......
.............##.......##
.......##.............#
......) .........†....#
....... ..##.......##.#
##.#### .##....#####.#
.. ##.........#
........#.#.....


You could see a bat and a kobold.

Vanquished Creatures
  A bat (D:1)
  An endoplasm (D:1)
  A quokka (D:1)
  A frilled lizard (D:1)
  A kobold (D:1)
  A rat (D:1)
6 creatures vanquished.

Notes
Turn   | Place    | Note
-------+----------+-------------------------------------------
     0 | Abyss:1  | Lekart the Draconian Abyssal Knight began the quest for the
                  | Orb.
     0 | Abyss:1  | Reached XP level 1. HP: 19/19 MP: 2/2
    89 | Abyss:2  | Found a corrupted altar of Lugonu.
    94 | Abyss:2  | Identified the amulet of the Falcon {Acrobat rElec}
   101 | D:1      | Escaped the Abyss
   158 | D:1      | Reached * piety under Lugonu
   426 | D:1      | Slain by a kobold

Illustrated notes

Levels and vault maps discovered:
D:1:      ncdulo_smallfort, layout_basic

Action                   || total
-------------------------++-------
Melee: Falchion          ||    12
       Tailslap          ||     1
Invok: Depart the Abyss  ||     1
 Stab: Sleeping          ||     1
Armor: Skin              ||    11
Dodge: Dodged            ||   103

Table legend: (Time is in decaauts)
 A = Elapsed time spent in this place.
 B = Non-inter-level travel time spent in this place.
 C = Inter-level travel time spent in this place.
 D = Time resting spent in this place.
 E = Time spent auto-exploring this place.
 F = Levels seen in this place.
 G = Mean time per level.
                   A        B        C        D        E       F      G
               +--------+--------+--------+--------+--------+-----+--------+
         Total |    427 |    427 |      0 |      0 |    305 |   3 |  142.3 |
       Dungeon |    327 |    327 |      0 |      0 |    232 |   1 |  327.0 |
         Abyss |    100 |    100 |      0 |      0 |     73 |   2 |   50.0 |
               +--------+--------+--------+--------+--------+-----+--------+

Top non-repeatable levels by time:
     D:1: 327 daAuts
 Abyss:1: 82 daAuts
 Abyss:2: 18 daAuts
